 Dungeon Crawl Stone Soup version 0.25.0-1-g7eea58d2a3 (webtiles) character file.

Game seed: 17488664008679538275

87 Anothat the Chopper (level 4, 0/42 HPs)
             Began as a Deep Dwarf Fighter on June 13, 2020.
             Killed from afar by Sigmund (2 damage)
             ... with a puff of flame
             ... on level 3 of the Dungeon.
             The game lasted 00:02:39 (1631 turns).

Anothat the Chopper (Deep Dwarf Fighter)            Turns: 1631, Time: 00:02:40

Health: 0/42       AC:  6    Str: 21    XL:     4   Next: 28%
Magic:  3/3        EV:  9    Int:  8    God:
Gold:   88         SH:  0    Dex: 12    Spells: 3/3 levels left

rFire    . . .     SeeInvis .   a - +0 war axe
rCold    . . .     Gourm    .   (no shield)
rNeg     . . .     Faith    .   b - +0 scale mail
rPois    .         Spirit   .   (no helmet)
rElec    .         Reflect  .   (no cloak)
rCorr    .         Harm     .   (no gloves)
MR       .....                  (no boots)
Stlth    ..........             (no amulet)
HPRegen  0.00/turn              (no ring)
MPRegen  0.08/turn              (no ring)

@: confused, mighty, flying, non-regenerating, hasted, very quick
A: damage resistance, heal wounds, sense surroundings 1, no regeneration
a: Heal Wounds


You were on level 3 of the Dungeon.
You were not hungry.

You visited 1 branch of the dungeon, and saw 3 of its levels.

You collected 88 gold pieces.

Inventory:

Hand Weapons
 a - a +0 war axe (weapon)
Armour
 b - a +0 scale mail (worn)
 c - a +0 kite shield
Jewellery
 l - a cursed -4 ring of dexterity {unknown}
 n - an uncursed ring of resist corrosion {unknown}
Wands
 k - a wand of acid (7)
Scrolls
 h - a scroll of noise {unknown}
 i - 2 scrolls of remove curse {unknown}
 j - a scroll of magic mapping {unknown}
 o - 2 scrolls of identify {unknown}
Comestibles
 f - 5 rations
 g - 7 chunks of flesh


   Skills:
 + Level 3.4 Fighting
 * Level 4.3 Axes
 - Level 3.2 Armour
 - Level 3.2 Shields


You had 3 spell levels left.
You didn't know any spells.
Your spell library was empty.

Dungeon Overview and Level Annotations

Branches:
Dungeon (3/15)

Altars:
Cheibriados

Annotations:
D:3 Sigmund


Innate Abilities, Weirdness & Mutations

You are resistant to damage.
You can heal yourself by infusing magical energy.
You passively map a small area around you.
You do not regenerate.


Message History

Something hits you but does no damage.
You feel very mighty all of a sudden.
The jackal bites you but does no damage.
The jackal closely misses you.
You closely miss something. You closely miss the jackal. You miss the jackal.
The jackal bites you but does no damage.
The jackal bites you. Something hits you.
* * * LOW HITPOINT WARNING * * *
The jackal barely misses you.
You're too confused!
The jackal bites you but does no damage.
You miss the jackal. x2; You miss something.
The jackal misses you.
You hear some strange, mumbled words.
Something tries to affect you, but you resist.
The jackal barely misses you. The jackal closely misses you.
You hear a zap.
A puff of flame appears from out of thin air!
The puff of flame hits you.
You die...

* * #.#.#####
###...##..# *
#.#..$#...###....)#####
.................##
#.............#### *
...............#
...............# ,,
.............).#
......Oh.<.....#
,.....K.@h......# ,
......{........# ,
,...............# ,
.......#.......# ,
..#...######...# , .
#... #...# , * #...
#...# #...* #...# #..
#...#


You could see an ogre, 2 jackals and a kobold.

Vanquished Creatures
  An adder (D:2)
  2 oozes
  A worm (D:3)
  3 dart slugs
  5 leopard geckos
  An orc (D:2)
  2 giant cockroaches
  5 goblins
  6 hobgoblins
  6 jackals
  7 bats
  3 frilled lizards
  5 kobolds
  4 rats
51 creatures vanquished.

Notes
Turn   | Place    | Note
-------+----------+-------------------------------------------
     0 | D:1      | Anothat the Deep Dwarf Fighter began the quest for the Orb.
     0 | D:1      | Reached XP level 1. HP: 20/20 MP: 1/1
   147 | D:1      | Reached XP level 2. HP: 21/27 MP: 2/2
   150 | D:1      | Reached skill level 3 in Axes
   571 | D:1      | Reached XP level 3. HP: 22/34 MP: 3/3
   691 | D:1      | Found a snail-covered altar of Cheibriados.
  1173 | D:2      | Reached skill level 4 in Axes
  1227 | D:2      | Reached XP level 4. HP: 33/42 MP: 3/3
  1616 | D:3      | Noticed Sigmund
  1620 | D:3      | Noticed an ogre
  1627 | D:3      | HP: 2/42 [something (5)]
  1631 | D:3      | Killed from afar by Sigmund

Illustrated notes

Levels and vault maps discovered:
D:1:      minmay_arrival_shattered_statue, layout_basic, cheibriados_altar_1
D:2:      layout_basic
D:3:      layout_rooms, first_ration, chequers_ecumenical_altar_lobes,
          uniq_sigmund

Skill      XL: |  1  2  3 |
---------------+----------+-----
Axes           | 3 4 |  4.3
Fighting       | 3 |  3.4
Armour         | |  3.2
Shields        | |  3.2

Action                   |  1- 3 |  4- 6 || total
-------------------------+-------+-------++-------
Melee: War axe           |   118 |    30 ||   148
 Abil: Heal Wounds       |     1 |       ||     1
  Use: Potion            |       |     3 ||     3
  Eat: Chunk             |     1 |     2 ||     3
Armor: Scale mail        |    65 |    28 ||    93
Dodge: Dodged            |    62 |    18 ||    80
